 Dungeon Crawl Stone Soup version 0.25-a0-86-ga6f17ae (webtiles) character file.

Game seed: 4419686718062874805, levelgen mode: deterministic

5 zarzak the Chiller (level 1, 0/16 HPs)
             Began as a Demigod Wanderer on Nov 10, 2019.
             Slain by a hobgoblin (1 damage)
             ... on level 1 of the Dungeon.
             The game lasted 00:00:40 (49 turns).

zarzak the Chiller (Demigod Wanderer)                 Turns: 49, Time: 00:00:41

Health: 0/16       AC:  2    Str: 15    XL:     1   Next: 53%
Magic:  3/3        EV: 11    Int: 17    God:
Gold:   15         SH:  0    Dex: 14    Spells: 0/0 levels left

rFire    . . .     SeeInvis .   a - +2 dagger
rCold    . . .     Gourm    .   (no shield)
rNeg     . . .     Faith    .   e - +0 robe
rPois    .         Spirit   .   (no helmet)
rElec    .         Reflect  .   (no cloak)
rCorr    .         Harm     .   (no gloves)
MR       .....                  (no boots)
Stlth    ++........             (no amulet)
HPRegen  0.05/turn              (no ring)
MPRegen  0.08/turn              (no ring)

@: no status effects
A: high mp 1
a: no special abilities


You were on level 1 of the Dungeon.
You were not hungry.

You visited 1 branch of the dungeon, and saw 1 of its levels.

You collected 15 gold pieces.

Inventory:

Hand Weapons
 a - a +2 dagger (weapon)
 d - a +0 spear
Missiles
 b - 4 curare-tipped darts (quivered)
Armour
 e - a +0 robe (worn)
Scrolls
 c - a scroll of identify {unknown}
Comestibles
 f - a ration


   Skills:
 * Level 1.2 Fighting
 + Level 1.0 Polearms
 - Level 1.0 Throwing
 + Level 0.1 Armour
 + Level 0.2 Dodging
 - Level 1.0 Stealth
 + Level 0.1 Spellcasting
 + Level 1.8 Necromancy
   Level 2.6 Ice Magic
   Level 1.0 Evocations


You couldn't memorise any spells.
You knew the following spells:

 Your Spells              Type           Power        Failure   Level  Hunger
a - Animate Skeleton      Necr           N/A          11%         1    ##.....

Your spell library contained the following spells:

 Spells                   Type           Power        Failure   Level  Hunger
 Vampiric Draining        Necr           #.........   32%         3    ####...


Dungeon Overview and Level Annotations

Branches:
Dungeon (1/15)


Innate Abilities, Weirdness & Mutations

You have an increased reservoir of magic. (+10% MP)


Message History

The frilled lizard bites you.
* * * LOW HITPOINT WARNING * * *
You hit the frilled lizard.
You kill the frilled lizard!
You hit the rat.
The rat is moderately wounded.
The rat closely misses you.
You closely miss the rat.
The rat is moderately wounded.
The rat bites you.
* * * LOW HITPOINT WARNING * * *
You hit the rat.
You kill the rat!
You hit the hobgoblin but do no damage.
The hobgoblin hits you but does no damage.
You closely miss the hobgoblin. The hobgoblin closely misses you.
You hit the hobgoblin.
The hobgoblin is almost dead.
The hobgoblin hits you.
You die...

#....#...##.....#
#....#.≈.##.....#
#....#.≈..'.....#
#....#.≈.##.....#
#....#.≈.##.....#
#....#?..##.....#
#........########
#....#########
######....g@.......
........$.#########
..........#
........#+#
...............
#.#..........g.
#..###........ #.#.
#........ # #
###+#####


You could see a hobgoblin.

Vanquished Creatures
  A hobgoblin (D:1)
  2 bats (D:1)
  A frilled lizard (D:1)
  A kobold (D:1)
  A rat (D:1)
6 creatures vanquished.

Notes
Turn   | Place    | Note
-------+----------+-------------------------------------------
     0 | D:1      | zarzak the Demigod Wanderer began the quest for the Orb.
     0 | D:1      | zarzak set off with the following items: a +2 dagger, 4
                  | curare-tipped darts, a +0 spear, a +0 robe, a ration; and
                  | the following spell memorised: Animate Skeleton; and the
                  | following spells available to memorise: Vampiric Draining
     0 | D:1      | Reached XP level 1. HP: 16/16 MP: 3/3
    49 | D:1      | Slain by a hobgoblin

Levels and vault maps discovered:
D:1:      dpeg_arrival_rooms_c, layout_basic, minmay_small_reverse_x

Action                   || total
-------------------------++-------
Melee: Dagger            ||    16
       Spear             ||     7
 Stab: Sleeping          ||     1
Armor: Robe              ||     1
Dodge: Dodged            ||     9

Table legend:
 A = Non-vault XP
 B = Vault XP
 C = Vault XP percentage of total XP
 D = Non-vault monster count
 E = Vault monster count
 F = Vault count percentage of total count
                 A         B        C        D         E       F
            +---------+---------+-------+---------+---------+-------
      Total |       5 |       3 |  37.5 |       4 |       2 |  33.3
            +---------+---------+-------+---------+---------+-------
        D:1 |       5 |       3 |  37.5 |       4 |       2 |  33.3
            +---------+---------+-------+---------+---------+-------
